MLB
ST. LOUIS CARDINALS @ CHICAGO CUBS
08/18/2046
 
TOP OF THE 1ST
St. Louis Cardinals batting - Pitching for Chicago Cubs : RHP Eric Oakes
Pitching: RHP Eric Oakes
Batting: RHB Tenshou Takita 0-0: Ball
1-0: Ground out 3-1 (Groundball, 34S, EV 78.8 MPH)
Batting: RHB Klaas Meij 0-0: Called Strike
0-1: Called Strike
0-2: Ball
1-2: Foul Ball, location: 2F
1-2: Ball
2-2: Ball
3-2: Foul Ball, location: 2F
3-2: Base on Balls
Batting: LHB Tom Butterbaugh 0-0: Foul Ball, location: 2F
0-1: Ball
1-1: Foul Ball, location: 2F
1-2: Ball
2-2: Strikes out looking
Batting: RHB Eric Chotkowski 0-0: Called Strike
0-1: Foul Ball, location: 2F
0-2: Ball
1-2: Fly out, F8 (Flyball, 8LM, EV 95.6 MPH)
Top of the 1st over - 0 runs, 0 hits, 0 errors, 1 left on base; St. Louis 0 - Chicago 0
BOTTOM OF THE 1ST
Chicago Cubs batting - Pitching for St. Louis Cardinals : LHP Antonio Lacayo
Pitching: LHP Antonio Lacayo
Batting: RHB Yasuhide Kasahara 0-0: Fly out, F8 (Line Drive, 8LD, EV 95.6 MPH)
Batting: RHB Kaeo Zirpoli 0-0: Ball
1-0: Called Strike
1-1: Called Strike
1-2: Foul Ball, location: 2F
1-2: Reached on error, E6 (Groundball, 6M, EV 88.1 MPH)
Batting: RHB Efrain Vargas 0-0: Foul Ball, location: 2F
0-1: Foul Ball, location: 2F
0-2: Ball
1-2: Foul Ball, location: 2F
1-2: Ball
2-2: Fly out, F9 (Flyball, 9S, EV 89.4 MPH)
Batting: SHB Terry Tuckfard 0-0: Called Strike
0-1: Foul Ball, location: 2F
0-2: Strikes out swinging
Bottom of the 1st over - 0 runs, 0 hits, 1 error, 1 left on base; St. Louis 0 - Chicago 0
TOP OF THE 2ND
St. Louis Cardinals batting - Pitching for Chicago Cubs : RHP Eric Oakes
Batting: RHB Pavpv Ivanushkin 0-0: Called Strike
0-1: Swinging Strike
0-2: Ball
1-2: DOUBLE (Line Drive, 89M, EV 91.9 MPH)
Batting: RHB Jordan Diaz 0-0: Foul Ball, location: 2F
0-1: Swinging Strike
0-2: Ball
1-2: Strikes out swinging
Batting: RHB Nick Gentzel 0-0: Ball
1-0: Foul Ball, location: 2F
1-1: Swinging Strike
1-2: Strikes out looking
Pitching: RHP Steve DiDomenico
Batting: RHB Fabrice Bertin 0-0: Swinging Strike
0-1: Ground out 5-3 (Groundball, 56S, EV 84.4 MPH)
Top of the 2nd over - 0 runs, 1 hit, 0 errors, 1 left on base; St. Louis 0 - Chicago 0
BOTTOM OF THE 2ND
Chicago Cubs batting - Pitching for St. Louis Cardinals : LHP Antonio Lacayo
Batting: LHB Kevin Norton 0-0: Called Strike
0-1: Foul Ball, location: 2F
0-2: Ball
1-2: Fly out, F8 (Flyball, 8RXD, EV 108.8 MPH)
Batting: RHB Elijah Campbell 0-0: Ball
1-0: Ball
2-0: Ball
3-0: Called Strike
3-1: Called Strike
3-2: SINGLE (Line Drive, 78M, EV 88.1 MPH)
Batting: SHB Seung-ho Zhang 0-0: Ball
1-0: Ball
2-0: Foul Ball, location: 2F
2-1: Ball
3-1: Base on Balls
Elijah Campbell to second
Batting: RHB Steve Bui 0-0: Called Strike
0-1: Fly out, F9 (Line Drive, 9, EV 91.9 MPH)
Batting: RHB Rich Thurman 0-0: Foul Ball, location: 2F
0-1: Called Strike
0-2: Ball
1-2: Foul Ball, location: 2F
1-2: Ball
2-2: Foul Ball, location: 2F
2-2: Strikes out looking
Bottom of the 2nd over - 0 runs, 1 hit, 0 errors, 2 left on base; St. Louis 0 - Chicago 0
TOP OF THE 3RD
St. Louis Cardinals batting - Pitching for Chicago Cubs : RHP Steve DiDomenico
Batting: RHB Terry Baginski 0-0: Ball
1-0: Ground out 4-3 (Groundball, 4D, EV 95.6 MPH)
Batting: RHB Tenshou Takita 0-0: Ball
1-0: DOUBLE (Line Drive, 3D, EV 97.5 MPH)
Batting: RHB Klaas Meij 0-0: Called Strike
0-1: DOUBLE (Flyball, 89XD, EV 101.2 MPH)
Tenshou Takita scores
Batting: LHB Tom Butterbaugh 0-0: Called Strike
0-1: Ball
1-1: Ground out 4-3 (Groundball, 4, EV 88.1 MPH)
Klaas Meij to third
Batting: RHB Eric Chotkowski 0-0: Ball
1-0: Called Strike
1-1: Ball
2-1: Fly out, F9 (Flyball, 9, EV 88.8 MPH)
Top of the 3rd over - 1 run, 2 hits, 0 errors, 1 left on base; St. Louis 1 - Chicago 0
BOTTOM OF THE 3RD
Chicago Cubs batting - Pitching for St. Louis Cardinals : LHP Antonio Lacayo
Batting: RHB Yasuhide Kasahara 0-0: Swinging Strike
0-1: Called Strike
0-2: Foul Ball, location: 2F
0-2: Ball
1-2: Ball
2-2: Foul Ball, location: 2F
2-2: Ball
3-2: SINGLE (Line Drive, 9LS, EV 106.2 MPH)
Batting: RHB Kaeo Zirpoli 0-0: Foul Ball, location: 2F
0-1: Swinging Strike
0-2: Foul Ball, location: 2F
0-2: Ball
1-2: Ball
2-2: Strikes out swinging
Batting: RHB Efrain Vargas 0-0: Ball
Yasuhide Kasahara steals 2nd base
1-0: Called Strike
1-1: Ball
2-1: Ball
3-1: Base on Balls
Batting: SHB Terry Tuckfard 0-0: Called Strike
0-1: Fielders Choice at 2nd, 5-4 (Groundball, 56, EV 100.0 MPH)
Yasuhide Kasahara to third
Batting: LHB Kevin Norton 0-0: Called Strike
Terry Tuckfard steals 2nd base
0-1: Swinging Strike
0-2: Ball
1-2: Ball
2-2: Foul Ball, location: 2F
2-2: Foul Ball, location: 2F
2-2: Foul Ball, location: 2F
2-2: Strikes out swinging
Bottom of the 3rd over - 0 runs, 1 hit, 0 errors, 2 left on base; St. Louis 1 - Chicago 0
TOP OF THE 4TH
St. Louis Cardinals batting - Pitching for Chicago Cubs : RHP Steve DiDomenico
Batting: RHB Pavpv Ivanushkin 0-0: Fly out, F9 (Flyball, 9, EV 85.6 MPH)
Batting: RHB Jordan Diaz 0-0: Ball
1-0: Fly out, F7 (Flyball, 7, EV 87.5 MPH)
Batting: RHB Nick Gentzel 0-0: Foul Ball, location: 2F
0-1: Ball
1-1: Foul Ball, location: 2F
1-2: Foul Ball, location: 2F
1-2: Strikes out looking
Top of the 4th over - 0 runs, 0 hits, 0 errors, 0 left on base; St. Louis 1 - Chicago 0
BOTTOM OF THE 4TH
Chicago Cubs batting - Pitching for St. Louis Cardinals : LHP Antonio Lacayo
Batting: RHB Elijah Campbell 0-0: Ball
1-0: Ball
2-0: Ball
3-0: Base on Balls
Batting: SHB Seung-ho Zhang 0-0: SINGLE (Groundball, 4M, EV 106.2 MPH) (infield hit)
Elijah Campbell to second
Batting: RHB Steve Bui 0-0: Called Strike
Elijah Campbell steals 3rd base
Seung-ho Zhang to second
0-1: Ball
1-1: Ball
2-1: Ball
3-1: Base on Balls
Batting: RHB Rich Thurman 0-0: Called Strike
0-1: Foul Ball, location: 2F
0-2: Strikes out looking
Batting: RHB Yasuhide Kasahara 0-0: Ball
1-0: Called Strike
1-1: SINGLE (Line Drive, 4MD, EV 98.1 MPH)
Elijah Campbell scores
Seung-ho Zhang to third
Steve Bui to second
Batting: RHB Kaeo Zirpoli 0-0: Called Strike
0-1: Ball
1-1: Ball
2-1: Ball
3-1: Foul Ball, location: 2F
3-2: Grounds into double play, 4-6-3 (Groundball, 4S, EV 90.0 MPH)
Bottom of the 4th over - 1 run, 2 hits, 0 errors, 2 left on base; St. Louis 1 - Chicago 1
TOP OF THE 5TH
St. Louis Cardinals batting - Pitching for Chicago Cubs : RHP Steve DiDomenico
Batting: RHB Fabrice Bertin 0-0: Called Strike
0-1: Swinging Strike
0-2: Foul Ball, location: 2F
0-2: Strikes out swinging
Batting: RHB Terry Baginski 0-0: Foul Ball, location: 2F
0-1: Swinging Strike
0-2: Foul Ball, location: 2F
0-2: Ball
1-2: Ball
2-2: Foul Ball, location: 2F
2-2: Ground out 1-3 (Groundball, 15, EV 70.0 MPH)
Batting: RHB Tenshou Takita 0-0: Called Strike
0-1: Ball
1-1: Ball
2-1: Foul Ball, location: 2F
2-2: SINGLE (Line Drive, 7LM, EV 100.6 MPH)
Batting: RHB Klaas Meij 0-0: Ball
1-0: Ball
2-0: Swinging Strike
Pickoff Throw to First - Out! 1-3
Top of the 5th over - 0 runs, 1 hit, 0 errors, 0 left on base; St. Louis 1 - Chicago 1
BOTTOM OF THE 5TH
Chicago Cubs batting - Pitching for St. Louis Cardinals : LHP Antonio Lacayo
Batting: RHB Efrain Vargas 0-0: Fly out, F9 (Flyball, 89M, EV 95.6 MPH)
Batting: SHB Terry Tuckfard 0-0: Reached on error, E7 (Flyball, 7, EV 76.9 MPH)
Batting: LHB Kevin Norton 0-0: Ball
1-0: Ball
2-0: Ball
3-0: Called Strike
3-1: Called Strike
3-2: Base on Balls
Terry Tuckfard to second
Batting: RHB Elijah Campbell 0-0: Grounds into double play, 6-4-3 (Groundball, 6, EV 88.8 MPH)
Bottom of the 5th over - 0 runs, 0 hits, 1 error, 1 left on base; St. Louis 1 - Chicago 1
TOP OF THE 6TH
St. Louis Cardinals batting - Pitching for Chicago Cubs : RHP Steve DiDomenico
Batting: RHB Klaas Meij 0-0: Ball
1-0: Called Strike
1-1: Foul Ball, location: 2F
1-2: Ball
2-2: Foul Ball, location: 2F
2-2: Ball
3-2: Strikes out looking
Batting: LHB Tom Butterbaugh 0-0: Foul Ball, location: 2F
0-1: Ball
1-1: Fly out, F8 (Flyball, 78D, EV 95.6 MPH)
Batting: RHB Eric Chotkowski 0-0: Called Strike
0-1: Ball
1-1: Fly out, F8 (Flyball, 8RD, EV 94.4 MPH)
Top of the 6th over - 0 runs, 0 hits, 0 errors, 0 left on base; St. Louis 1 - Chicago 1
BOTTOM OF THE 6TH
Chicago Cubs batting - Pitching for St. Louis Cardinals : LHP Antonio Lacayo
Pitching: LHP Brad Jonas
Batting: SHB Seung-ho Zhang 0-0: Foul Ball, location: 2F
0-1: Ball
1-1: Ball
2-1: Ball
3-1: Called Strike
3-2: Strikes out swinging
Batting: RHB Steve Bui 0-0: Foul Ball, location: 2F
0-1: Ball
1-1: Called Strike
1-2: Ground out 6-3 (Groundball, 6, EV 80.0 MPH)
Batting: RHB Rich Thurman 0-0: Swinging Strike
0-1: Swinging Strike
0-2: Strikes out swinging
Bottom of the 6th over - 0 runs, 0 hits, 0 errors, 0 left on base; St. Louis 1 - Chicago 1
TOP OF THE 7TH
St. Louis Cardinals batting - Pitching for Chicago Cubs : RHP Steve DiDomenico
Batting: RHB Pavpv Ivanushkin 0-0: Ball
1-0: Called Strike
1-1: Called Strike
1-2: Ground out 2-3 (Groundball, 15S, EV 68.1 MPH)
Batting: RHB Jordan Diaz 0-0: Ball
1-0: Foul Ball, location: 2F
1-1: SOLO HOME RUN (Flyball, 7LD, EV 97.5 MPH), Distance : 372 ft
Batting: RHB Nick Gentzel 0-0: Ball
1-0: Ball
2-0: Called Strike
2-1: Ground out 2-3 (Groundball, 15S, EV 70.0 MPH)
Batting: RHB Fabrice Bertin 0-0: Ball
1-0: Ball
2-0: SINGLE (Groundball, 34D, EV 97.5 MPH)
Batting: RHB Terry Baginski 0-0: Ball
1-0: Foul Ball, location: 2F
1-1: Ball
2-1: Ground out 4-3 (Groundball, 34, EV 84.4 MPH)
Top of the 7th over - 1 run, 2 hits, 0 errors, 1 left on base; St. Louis 2 - Chicago 1
BOTTOM OF THE 7TH
Chicago Cubs batting - Pitching for St. Louis Cardinals : LHP Brad Jonas
Batting: RHB Yasuhide Kasahara 0-0: Ball
1-0: Ball
2-0: Foul Ball, location: 2F
2-1: Ball
3-1: Fly out, F3 (Popup, 3F, EV 56.2 MPH)
Batting: RHB Kaeo Zirpoli 0-0: Ball
1-0: Foul Ball, location: 2F
1-1: Ground out 3-1 (Groundball, 34, EV 88.8 MPH)
Batting: RHB Efrain Vargas 0-0: Ball
1-0: Called Strike
1-1: Ball
2-1: Foul Ball, location: 2F
2-2: Ball
3-2: Base on Balls
Batting: SHB Terry Tuckfard 0-0: Ball
1-0: Foul Ball, location: 2F
1-1: Ball
2-1: Ball
3-1: Base on Balls
Efrain Vargas to second
Pinch Hitting: SHB Tim Hone 0-0: Ball
1-0: Called Strike
1-1: Ball
2-1: Ball
3-1: Called Strike
3-2: Ground out 6-3 (Groundball, P, EV 81.2 MPH)
Bottom of the 7th over - 0 runs, 0 hits, 0 errors, 2 left on base; St. Louis 2 - Chicago 1
TOP OF THE 8TH
St. Louis Cardinals batting - Pitching for Chicago Cubs : RHP Steve DiDomenico
Now in RF: Tim Hone
Batting: RHB Tenshou Takita 0-0: Ground out 2-3 (Groundball, 15S, EV 66.9 MPH)
Batting: RHB Klaas Meij 0-0: Ball
1-0: Ball
2-0: Ball
3-0: Base on Balls
Batting: LHB Tom Butterbaugh 0-0: Ball
1-0: Swinging Strike
1-1: Foul Ball, location: 2F
1-2: Ball
2-2: Ball
3-2: Strikes out swinging
Klaas Meij is caught stealing 2nd base 2-6
Batter strikes out.
Top of the 8th over - 0 runs, 0 hits, 0 errors, 0 left on base; St. Louis 2 - Chicago 1
BOTTOM OF THE 8TH
Chicago Cubs batting - Pitching for St. Louis Cardinals : LHP Brad Jonas
Pitching: RHP Bryan Banana
Batting: RHB Elijah Campbell 0-0: Foul Ball, location: 2F
0-1: Foul Ball, location: 2F
0-2: Ball
1-2: SINGLE (Groundball, 15, EV 84.4 MPH) (infield hit)
Batting: SHB Seung-ho Zhang 0-0: Ball
1-0: Fly out, F8 (Line Drive, 8RM, EV 107.5 MPH)
Batting: LHB Barend van der Kamp 0-0: Foul Ball, location: 2F
0-1: Ball
1-1: Foul Ball, location: 2F
1-2: Grounds into double play, 4-6-3 (Groundball, 4, EV 87.5 MPH)
Bottom of the 8th over - 0 runs, 1 hit, 0 errors, 0 left on base; St. Louis 2 - Chicago 1
TOP OF THE 9TH
St. Louis Cardinals batting - Pitching for Chicago Cubs : RHP Steve DiDomenico
Pitching: LHP George Poirier
Batting: RHB Eric Chotkowski 0-0: Called Strike
0-1: Foul Ball, location: 2F
0-2: Strikes out swinging
Batting: RHB Pavpv Ivanushkin 0-0: Ball
1-0: Called Strike
1-1: Swinging Strike
1-2: Ball
2-2: Strikes out swinging
Batting: RHB Jordan Diaz 0-0: Ball
1-0: Swinging Strike
1-1: Ball
2-1: Called Strike
2-2: Ball
3-2: DOUBLE (Line Drive, 9LM, EV 105.6 MPH)
Batting: RHB Nick Gentzel 0-0: Called Strike
0-1: Ball
1-1: Ball
2-1: Foul Ball, location: 2F
2-2: Ball
3-2: Strikes out looking
Top of the 9th over - 0 runs, 1 hit, 0 errors, 1 left on base; St. Louis 2 - Chicago 1
BOTTOM OF THE 9TH
Chicago Cubs batting - Pitching for St. Louis Cardinals : RHP Bryan Banana
Pitching: RHP Danny Romero
Batting: RHB Rich Thurman 0-0: Ball
1-0: Ball
2-0: Swinging Strike
2-1: Ground out 6-3 (Groundball, 56S, EV 73.1 MPH)
Batting: RHB Yasuhide Kasahara 0-0: Ball
1-0: Ball
2-0: Swinging Strike
2-1: Foul Ball, location: 2F
2-2: Foul Ball, location: 2F
2-2: Ground out 5-3 (Groundball, 5S, EV 93.8 MPH)
Batting: RHB Kaeo Zirpoli 0-0: Called Strike
0-1: Called Strike
0-2: Foul Ball, location: 2F
0-2: Ball
1-2: Ground out 4-3 (Groundball, 34, EV 106.2 MPH)
Bottom of the 9th over - 0 runs, 0 hits, 0 errors, 0 left on base; St. Louis 2 - Chicago 1
Tuesday, September 13th , 2022 - OOTP Baseball 23.7 Build 88